 Dungeon Crawl Stone Soup version 0.20.1-1-g8b1a95d (webtiles) character file.

16634 letownia2 the Necromancer (level 12, 83/106 HPs)
             Began as a Deep Dwarf Necromancer on Dec 21, 2017.
             Was an Initiate of Gozag.
             Quit the game on level 11 of the Dungeon.
             The game lasted 00:37:46 (10974 turns).

letownia2 the Necromancer (Deep Dwarf Necromancer) Turns: 10974, Time: 00:37:47

Health: 83/106     AC: 11    Str: 14    XL:     12   Next: 11%
Magic:  16/39      EV: 12    Int: 19    God:    Gozag
Gold:   671        SH:  0    Dex: 20    Spells: 24/28 levels left

rFire    + . .     SeeInvis .   d - staff of power
rCold    x . .     Gourm    .   (no shield)
rNeg     . . .     Faith    .   N - +0 scale mail {MR+}
rPois    .         Spirit   .   Y - +0 helmet
rElec    .         Reflect  .   (no cloak)
rCorr    .         Harm     .   s - +1 pair of gloves
MR       ++...                  l - +0 pair of boots
Stlth    +.........             (no amulet)
Regen    0.0/turn               P - ring of wizardry
MPRegen  0.3/turn               f - ring of Deodizus {Fire Dex+7}

@: non-regenerating
A: damage resistance, heal wounds, sense surroundings 2, no regeneration
a: Heal Wounds, Potion Petition, Call Merchant, Bribe Branch, Renounce Religion


You were on level 11 of the Dungeon.
You worshipped Gozag.
Gozag was pleased with you.
You were very full.

You visited 2 branches of the dungeon, and saw 12 of its levels.

You collected 2931 gold pieces.
You paid 2260 gold pieces to Gozag.

Inventory:

Hand Weapons
 a - a +3 dire flail of protection
 b - a +2 halberd of pain
 k - a +4 flail of crushing
 m - a +1 antimagic hand axe
 I - a +0 shortbow
 Q - a +2 trident of venom
Missiles
 x - 98 bolts
 J - 149 arrows
Armour
 l - a +0 pair of boots (worn)
 s - a +1 pair of gloves (worn)
 y - a +2 robe of cold resistance
 N - a +0 scale mail of magic resistance (worn)
 S - a +3 leather armour of cold resistance
 Y - a +0 helmet (worn)
Magical Staves
 d - an uncursed staff of power (weapon)
 r - an uncursed staff of air
Jewellery
 f - the ring of Deodizus (right hand) {Fire Dex+7}
   (You took it off a deep elf mage on level 7 of the Dungeon)

   [ring of fire]

   It enhances your fire magic.
   It affects your dexterity (+7).
   It protects you from fire.
   It makes you vulnerable to cold.
 t - an uncursed amulet of magic regeneration
 D - a +3 amulet of reflection
 P - a ring of wizardry (left hand)
Wands
 u - a wand of iceblast (8/15)
 z - a wand of acid (6/15)
 U - a wand of confusion (9/48)
 X - a wand of random effects (8/48)
Scrolls
 j - 3 scrolls of teleportation
 n - 4 scrolls of identify
 A - a scroll of fear
 B - 2 scrolls of remove curse
 K - 2 scrolls of enchant armour
Potions
 e - 2 potions of cancellation
 g - a potion of lignification {unknown}
 h - 2 potions of resistance {unknown}
 i - 2 potions of brilliance {unknown}
 p - 2 potions of berserk rage {unknown}
 v - 3 potions of curing {unknown}
 C - 2 potions of might {unknown}
 E - a potion of heal wounds {unknown}
 G - 3 potions of flight
 H - a potion of invisibility
 M - a potion of ambrosia {unknown}
 W - a potion of haste {unknown}
Comestibles
 c - 10 bread rations
 w - 14 fruits


   Skills:
 - Level 6.5 Fighting
 - Level 4.7 Armour
 - Level 4.8 Dodging
 - Level 2.4 Stealth
 - Level 8.5 Spellcasting
 + Level 15.0 Necromancy
 - Level 6.1 Evocations


You had 24 spell levels left.
You knew the following spells:

 Your Spells              Type           Power        Failure   Level  Hunger
a - Pain                  Necr           ####         1%          1    None
v - Vampiric Draining     Necr           ######....   1%          3    None


Dungeon Overview and Level Annotations

Branches:
Dungeon (11/15)            Temple (1/1) D:4            Lair (0/6) D:9
    Orc (0/2) D:11

Altars:
Ashenzari
Cheibriados
Dithmenos
Elyvilon
Fedhas
Gozag
Hepliaklqana
Kikubaaqudgha
Makhleb
Nemelex Xobeh
Okawaru
Qazlal
Ru
Sif Muna
Trog
Uskayaw
Vehumet
Xom
Yredelemnul
Zin
The Shining One

Shops:
D:5 =   D:8 [   D:11 [[

Annotations:
D:4 asishallab's ghost, amateur TrHu
D:7 1 exclusion


Innate Abilities, Weirdness & Mutations

You are resistant to damage.
You can heal yourself by infusing magical energy.
You passively map the area around you.
You do not regenerate.


Message History

Are you sure you want to cancel this blink?
Blink to where?
Press: ? - help, Dir - move target cursor You can't see that place.
Are you sure you want to cancel this blink?
Okay, then.
As you read the scroll labeled ELY WAYQYUSTROI, it crumbles to dust.
It was a scroll of blinking.
As you read the scroll labeled GEOROOZILU, it crumbles to dust.
The scroll dissolves into smoke.
It was a scroll of fog.
Okay, then.
Evoke which item? (* to show all) (? for menu, Esc to quit)
Okay, then.
Drop what? 44/52 slots (_ for help) (? for menu, Esc to quit)
You drop a scroll of random uselessness.
Put on which piece of jewellery? (? for menu, Esc to quit)
Okay, then.
Wear which item? (? for menu, Esc to quit)
Okay, then.
Are you sure you want to abandon this character and quit the game? (Confirm with "yes".)

#[.# #####)### *
#.......#
#.......# **
#.......# , , *
#.......# , *
#§§.....#
*..######§§.....#
#......@§§§....#
########.......#
#########


There were no monsters in sight!

Vanquished Creatures
  Harold (D:10)
  Erolcha (D:10)
  4 two-headed ogres
  An ugly thing (D:10)
  A deep elf mage (D:7)
  A cyclops (D:11)
  Joseph (D:8)
  A gargoyle (D:7)
  A komodo dragon (D:10)
  4 trolls
  2 hippogriffs
  3 slime creatures (D:7)
  5 yaks
  Eustachio (D:5)
  A human (D:7)
  Grum (D:10)
  2 hogs (D:7)
  3 hungry ghosts
  Menkaure (D:7)
  Edmund (D:6)
  2 hell hounds (D:9)
  3 orc warriors
  4 sky beasts
  2 black bears
  3 ice beasts
  9 ogres
  3 wolves (D:10)
  3 phantoms
  3 centaurs
  A crocodile (D:7)
  5 big kobolds
  12 bullfrogs
  2 gnoll sergeants (D:11)
  2 scorpions
  A killer bee (D:7)
  4 howler monkeys
  2 bullfrog zombies
  3 crimson imps
  A centaur zombie (D:6)
  A gnoll shaman (D:4)
  7 hounds
  A jelly (D:10)
  14 orc wizards
  A quasit (D:8)
  2 orc priests
  3 bullfrog skeletons
  4 centaur skeletons
  6 iguanas
  7 worker ants
  A hound skeleton (D:4)
  A howler monkey zombie (D:7)
  13 gnolls
  17 adders
  6 shadow imps
  4 adder skeletons
  3 worms
  3 dart slugs
  13 leopard geckos
  41 orcs
  A ball python (D:3)
  4 giant cockroaches
  7 goblins
  5 hobgoblins
  8 jackals
  10 quokkas
  12 bats
  5 frilled lizards
  9 kobolds
  A leopard gecko zombie (D:5)
  A quokka skeleton (D:3)
  A quokka zombie (D:6)
  7 rats
320 creatures vanquished.

Notes
Turn   | Place    | Note
-------+----------+-------------------------------------------
     0 | D:1      | letownia2 the Deep Dwarf Necromancer began the quest for the Orb.
     0 | D:1      | Reached XP level 1. HP: 15/15 MP: 3/3
   351 | D:2      | Reached XP level 2. HP: 22/22 MP: 1/5
   530 | D:3      | Reached skill level 5 in Necromancy
   612 | D:3      | Reached XP level 3. HP: 26/28 MP: 4/6
   617 | D:3      | Learned a level 3 spell: Vampiric Draining
   670 | D:4      | Found a staircase to the Ecumenical Temple.
   684 | Temple   | Entered the Ecumenical Temple
   757 | Temple   | Became a worshipper of Gozag Ym Sagoz the Greedy
   781 | D:4      | Noticed asishallab's ghost (amateur TrHu)
   833 | D:3      | Found a white marble altar of Elyvilon.
   992 | D:3      | Reached XP level 4. HP: 18/36 MP: 3/7
  1461 | D:4      | Noticed an ogre
  1812 | D:2      | Reached skill level 6 in Necromancy
  1812 | D:2      | Reached XP level 5. HP: 18/42 MP: 8/9
  2755 | D:4      | Noticed an ogre
  2762 | D:4      | Killed an ogre
  2762 | D:4      | Reached skill level 7 in Necromancy
  2762 | D:4      | Reached XP level 6. HP: 16/49 MP: 10/10
  2864 | D:4      | Reached skill level 8 in Necromancy
  3282 | D:5      | Entered Level 5 of the Dungeon
  3282 | D:5      | Found Daga Bowasee's Jewellery Shop.
  3369 | D:5      | Noticed Eustachio
  3379 | D:5      | Reached XP level 7. HP: 28/55 MP: 12/12
  3393 | D:5      | Killed Eustachio
  3850 | D:6      | Noticed Edmund
  3968 | D:6      | Reached skill level 5 in Spellcasting
  4069 | D:6      | Killed Edmund
  4069 | D:6      | Reached XP level 8. HP: 44/62 MP: 3/17
  5052 | D:7      | Noticed Menkaure
  5063 | D:7      | Killed Menkaure
  5612 | D:7      | Found a runed door.
  5614 | D:7      | Found a runed door.
  5614 | D:7      | Noticed a slime creature
  5639 | D:7      | Killed a slime creature
  5639 | D:7      | Reached skill level 1 in Fighting
  5639 | D:7      | Gained mutation: You passively map the area around you. [Deep Dwarf growth]
  5639 | D:7      | Reached XP level 9. HP: 32/70 MP: 2/21
  5712 | D:8      | Noticed Joseph
  5990 | D:8      | Reached skill level 9 in Necromancy
  6296 | D:8      | Killed Joseph
  6296 | D:8      | Reached skill level 10 in Necromancy
  6389 | D:9      | Reached skill level 5 in Fighting
  6527 | D:8      | Reached XP level 10. HP: 82/88 MP: 19/22
  6767 | D:9      | Found a staircase to the Lair.
  6873 | D:9      | Noticed a two-headed ogre
  6887 | D:9      | Reached skill level 1 in Evocations
  6902 | D:9      | Killed a two-headed ogre
  6904 | D:9      | Reached skill level 5 in Evocations
  7435 | D:7      | Reached skill level 1 in Armour
  7578 | D:7      | Found a runed door.
  7578 | D:7      | Found a runed door.
  7696 | D:7      | Noticed a gargoyle
  7700 | D:7      | Found a runed door.
  7751 | D:7      | Reached skill level 11 in Necromancy
  7775 | D:7      | Killed a gargoyle
  7969 | D:7      | Noticed a two-headed ogre
  7975 | D:7      | Killed a two-headed ogre
  7975 | D:7      | Reached skill level 12 in Necromancy
  7975 | D:7      | Reached XP level 11. HP: 26/96 MP: 5/23
  8036 | D:8      | Noticed a two-headed ogre
  8069 | D:10     | Entered Level 10 of the Dungeon
  8072 | D:10     | Noticed Erolcha
  8079 | D:10     | Killed Erolcha
  8221 | D:10     | Noticed Grum
  8229 | D:10     | Killed Grum
  8540 | D:7      | Noticed a deep elf mage
  8689 | D:7      | Killed a deep elf mage
  8691 | D:7      | Got a twitching lead ring
  8693 | D:7      | Identified the ring of Deodizus {Fire Dex+7} (You took it off a deep elf mage on level 7 of the Dungeon)
  8729 | D:7      | Identified the Almanac of the Entourage
  8936 | D:10     | Noticed Harold
  8981 | D:10     | Killed Harold
  9173 | D:10     | Reached skill level 13 in Necromancy
  9236 | D:10     | Noticed a brown ugly thing
  9291 | D:10     | Killed a brown ugly thing
  9638 | D:11     | Noticed a two-headed ogre
  9867 | D:11     | Killed a two-headed ogre
 10050 | D:11     | Reached skill level 14 in Necromancy
 10242 | D:11     | Noticed a two-headed ogre
 10326 | D:11     | Killed a two-headed ogre
 10440 | D:11     | Reached XP level 12. HP: 68/106 MP: 14/24
 10587 | D:11     | Found a staircase to the Orcish Mines.
 10887 | D:11     | Reached skill level 15 in Necromancy
 10974 | D:11     | Quit the game

Skill      XL: |  1  2  3  4  5  6  7  8  9 10 11 12 |
---------------+-------------------------------------+-----
Spellcasting   | 2 3 6 8 |  8.5
Necromancy     | 5 6 7 8 10 12 14 15 | 15.0
Fighting       | 1 5 6 |  6.5
Evocations     | 6 |  6.1
Armour         | 4 |  4.7
Dodging        | 4 |  4.8
Stealth        | |  2.4

Action                   |  1- 3 |  4- 6 |  7- 9 | 10-12 || total
-------------------------+-------+-------+-------+-------++-------
Melee: Unarmed           |     4 |       |       |       ||     4
       Short sword       |    22 |    34 |    19 |       ||    75
       Staff             |       |    28 |     6 |    38 ||    72
       Halberd           |       |       |     8 |       ||     8
       Dire flail        |       |       |   159 |    81 ||   240
       Flail             |       |       |       |    29 ||    29
Throw: Throwing net      |       |       |       |     1 ||     1
 Cast: Pain              |    33 |   119 |    85 |   250 ||   487
       Vampiric Draining |     1 |    24 |    92 |   198 ||   315
Invok: Call Merchant     |       |       |     1 |     2 ||     3
Evoke: Wand              |       |       |       |    21 ||    21
  Use: Scroll            |       |       |     3 |    12 ||    15
       Potion            |       |       |       |     2 ||     2
 Stab: Distracted        |       |       |     2 |       ||     2
  Eat: Chunk             |     1 |       |       |       ||     1
       Meat ration       |       |     2 |     2 |     3 ||     7
       Royal jelly       |       |       |     3 |     3 ||     6
Armor: Ring mail         |    19 |    34 |   125 |    14 ||   192
       Robe              |     1 |       |       |       ||     1
       Scale mail        |       |       |       |   152 ||   152
       Leather armour    |       |       |       |    16 ||    16
Dodge: Dodged            |    30 |    82 |   182 |   232 ||   526
Block: Other             |       |     8 |    43 |    23 ||    74
       Reflection        |       |     1 |     3 |       ||     4
